 Dungeon Crawl Stone Soup version 0.29-a0-284-gf9362112df (webtiles) character file.

Game seed: 3020156742564258804

387 IdlyInterested the Chopper (level 6, -11/48 (51) HPs)
             Began as a Demonspawn Gladiator on Mar 18, 2022.
             Mangled by a yak (14 damage)
             ... on level 5 of the Dungeon.
             The game lasted 00:12:14 (4738 turns).

IdlyInterested the Chopper (Demonspawn Gladiator)   Turns: 4738, Time: 00:12:15

HP:   -11/48 (51)   AC:  9    Str: 16      XL:     6   Next: 49%
MP:   7/7           EV:  7    Int: 10      God:
Gold: 193           SH:  0    Dex: 10 (14) Spells: 7/7 levels left

rFire   . . .      SeeInvis .   a - +0 war axe
rCold   . . .      Faith    .   (no shield)
rNeg    . . .      Spirit   .   f - +0 chain mail {rPois}
rPois   +          Reflect  .   c - +0 helmet
rElec   .          Harm     .   (no cloak)
rCorr   .          Rampage  .   (no gloves)
Will    .....                   (no boots)
Stlth   ..........              x - amulet of the acrobat
HPRegen 0.16/turn               n - ring of wizardry
MPRegen 0.10/turn               (no ring)

@: on berserk cooldown, slowed, drained, very slow
A: claws 1, foul stench 1, weakness stinger 1, deterioration 1, robust 1
a: no special abilities


You were on level 5 of the Dungeon.
You visited 2 branches of the dungeon, and saw 6 of its levels.

You collected 193 gold pieces.

Inventory:

Hand Weapons
 a - a +0 war axe (weapon)
 j - a +0 hand axe
 o - a +0 hand axe
 u - a +0 hand axe
Missiles
 d - 2 throwing nets
 e - a javelin
 p - 32 stones (quivered)
Armour
 b - a +0 leather armour
 c - a +0 helmet (worn)
 f - a +0 chain mail of poison resistance (worn)
 k - a +0 buckler
 t - a +0 kite shield
Magical Staves
 r - a staff of conjuration
Jewellery
 n - a ring of wizardry (left claw)
 q - a ring of poison resistance
 x - an amulet of the acrobat (around neck)
Wands
 y - a wand of paralysis (9)
Scrolls
 l - a scroll of immolation
Potions
 g - a potion of flight
 h - a potion of haste
 i - 5 potions of might
 m - a potion of brilliance
 w - a potion of mutation
 z - a potion of berserk rage


   Skills:
 + Level 3.0 Fighting
 * Level 4.2 Axes
 - Level 1.7 Throwing
 + Level 1.9 Armour
 - Level 2.6 Dodging
 - Level 1.0 Stealth
 - Level 1.0 Shields
 * Level 2.5 Unarmed Combat
 - Level 1.0 Spellcasting
 - Level 2.0 Invocations
 * Level 1.0 Evocations


You had 7 spell levels left.
You didn't know any spells.
Your spell library contained the following spells:

 Spells                   Type           Power      Damage    Failure   Level
 Shock                    Conj/Air       0%         1d3       92%         1
 Swiftness                Air            0%         N/A       99%         3
 Airstrike                Air            0%         N/A       100%        4
 Fireball                 Conj/Fire      0%         3d3       100%        5
 Iskenderun's Battlesphe  Conj           0%         2d6       100%        5
 Conjure Ball Lightning   Conj/Air       0%         3x3d6     100%        6
 Orb of Destruction       Conj           0%         9d5       100%        7


Dungeon Overview and Level Annotations

Branches:
Dungeon (5/15)             Temple (1/1) D:4

Altars:
Ashenzari
Cheibriados
Dithmenos
Elyvilon
Fedhas
Hepliaklqana
Nemelex Xobeh
Qazlal
Ru
Sif Muna
Trog
Vehumet
Wu Jian
Xom
Yredelemnul
Zin
The Shining One


Innate Abilities, Weirdness & Mutations

You have sharp fingernails.
You may rarely emit foul miasma when damaged in melee.
You have a small tail.
Your body sometimes deteriorates upon taking damage.
You are robust. (+10% HP)


Message History

The centaur barely misses you.
The centaur kicks you but does no damage.
A yak comes into view.
You barely miss the centaur.
The centaur is moderately wounded.
The yak bellows!
You hit the yak.
You hear an angry hiss.
The centaur barely misses you. x2; The yak gores you but does no damage.
The centaur barely misses you.
The centaur kicks you but does no damage.
The yak gores you!
You emit a cloud of foul miasma!
A yak comes into view.
The centaur barely misses you.
The centaur kicks you but does no damage.
You hit the centaur.
Your tail-slap misses the centaur.
The centaur is moderately wounded.
You hit the yak.
The centaur hits you but does no damage.
The centaur kicks you but does no damage.
The yak is engulfed in dark miasma.
The yak is poisoned.
The yak seems to slow down.
The yak gores you!
* * * LOW HITPOINT WARNING * * *
Your body deteriorates!
You feel clumsy. The centaur closely misses you.
The centaur kicks you but does no damage.
An iguana comes into view.
The yak is engulfed in dark miasma.
The yak looks even sicker.
The yak seems to slow down.
The yak gores you but does no damage.
The centaur hits you but does no damage.
The centaur barely misses you.
You hit the centaur.
You tail-slap the centaur, but do no damage.
The centaur is heavily wounded.
You closely miss the yak. The centaur closely misses you.
The centaur kicks you but does no damage.
The centaur barely misses you. The centaur completely misses you.
The yak is engulfed in dark miasma.
The yak looks even sicker.
The yak gores you!
You die...

................
................
................
....l...........
#.Y.Y..........
#...Y..........
#.....<.......
#....Y........
#.#..@........
##.c......##
##....####
##.### #.. ##.#
.. ...


You could see 4 yaks, a centaur and an iguana.

Vanquished Creatures
  2 orc priests
  A jelly (D:4)
  An orc wizard (D:4)
  Natasha (thrice) (D:3)
  5 adders
  3 gnolls (D:2)
  3 shadow imps (D:3)
  An ufetubus (D:3)
  3 worms
  3 dart slugs
  11 orcs
  7 endoplasms
  3 giant cockroaches
  8 goblins
  7 hobgoblins
  2 jackals (D:3)
  3 quokkas
  A ball python (D:3)
  4 bats
  4 frilled lizards
  5 kobolds
  4 rats
84 creatures vanquished.

Vanquished Creatures (others)
  2 plants
2 creatures vanquished.

Grand Total: 86 creatures vanquished

Notes
Turn   | Place    | Note
-------+----------+-------------------------------------------
     0 | D:1      | IdlyInterested the Demonspawn Gladiator began the quest for
                  | the Orb.
     0 | D:1      | Reached XP level 1. HP: 16/16 MP: 1/1
   231 | D:1      | Reached skill level 1 in Invocations
   427 | D:1      | Discovered your monstrous ancestry.
   427 | D:1      | Gained mutation: You have a small tail. [demonic ancestry]
   427 | D:1      | Reached XP level 2. HP: 14/22 MP: 2/2
  1161 | D:2      | Reached skill level 3 in Axes
  1162 | D:2      | Reached skill level 1 in Evocations
  1162 | D:2      | Gained mutation: You have sharp fingernails. [demonic
                  | ancestry]
  1162 | D:2      | Reached XP level 3. HP: 16/27 MP: 3/3
  1313 | D:2      | Reached skill level 1 in Armour
  1454 | D:2      | Reached XP level 4. HP: 26/34 MP: 4/4
  1671 | D:2      | Found a faded altar of an unknown god.
  1972 | D:2      | Gained mutation: Your body sometimes deteriorates upon
                  | taking damage. [potion of mutation]
  1972 | D:2      | Gained mutation: You are robust. (+10% HP) [potion of
                  | mutation]
  2015 | D:3      | Reached skill level 1 in Stealth
  2015 | D:3      | Reached skill level 1 in Unarmed Combat
  2038 | D:3      | Found a transporter.
  2118 | D:3      | Found a transporter.
  2171 | D:3      | Noticed Natasha
  2179 | D:3      | Killed Natasha
  2218 | D:3      | Noticed Natasha
  2224 | D:3      | Killed Natasha
  2225 | D:3      | Reached skill level 1 in Spellcasting
  2225 | D:3      | Reached XP level 5. HP: 16/42 MP: 6/6
  2249 | D:3      | Noticed Natasha
  2253 | D:3      | Killed Natasha
  2604 | D:3      | Noticed a kobold demonologist
  2813 | D:3      | Reached skill level 1 in Shields
  2966 | D:3      | Noticed an ice devil
  3007 | D:3      | HP: 1/38 [quasit[a kobold demonologist] (1)]
  3419 | D:4      | Reached skill level 4 in Axes
  3428 | D:4      | Gained mutation: You may rarely emit foul miasma when
                  | damaged in melee. [demonic ancestry]
  3428 | D:4      | Reached XP level 6. HP: 39/44 MP: 7/7
  3857 | D:4      | Found an ornate altar of the Wu Jian Council.
  4115 | D:4      | Found a staircase to the Ecumenical Temple.
  4124 | Temple   | Entered the Ecumenical Temple
  4730 | D:5      | Entered Level 5 of the Dungeon
  4730 | D:5      | Noticed a yak
  4735 | D:5      | Noticed a yak
  4735 | D:5      | Noticed a yak
  4736 | D:5      | Noticed a yak
  4738 | D:5      | Mangled by a yak

Illustrated notes

Levels and vault maps discovered:
D:1:      onia_arrival_pyramid, layout_basic, grunt_decor_arrowhead,
          moated_statue
D:2:      layout_basic, shapermc_ecumenical_altar_flowoftime
D:3:      gammafunk_wand_slinger, layout_rooms, uniq_natasha
D:4:      layout_loops_corners, mainiacjoe_overflow_six_doors_small,
          minmay_temple_entry_overgrown
D:5:      layout_cave_pods, mainiacjoe_overflow_paths, serial_glass,
          glass_columns_a, glass_columns_b, dk_rats_in_the_wall
Temple:   nicolae_temple_elliptical

Skill      XL: |  1  2  3  4  5  6 |
---------------+-------------------+-----
Invocations    | 1 2 |  2.0
Axes           | 3 4 |  4.2
Evocations     | 1 |  1.0
Armour         | 1 |  1.9
Stealth        | 1 |  1.0
Unarmed Combat | 1 2 |  2.5
Spellcasting   | 1 |  1.0
Shields        | 1 |  1.0
Fighting       | 3 |  3.0
Throwing       | |  1.7
Dodging        | |  2.6

Action                   |  1- 3 |  4- 6 || total
-------------------------+-------+-------++-------
Melee: War axe           |    64 |   217 ||   281
       Tailslap          |     3 |    24 ||    27
       Punch             |     1 |     5 ||     6
Throw: Dart              |     3 |    11 ||    14
       Stone             |       |    13 ||    13
       Throwing net      |       |     1 ||     1
  Use: Scroll            |     3 |     9 ||    12
       Potion            |     1 |     5 ||     6
Armor: Chain mail        |    28 |   208 ||   236
Dodge: Dodged            |    29 |   125 ||   154

Table legend: (Time is in decaauts)
 A = Elapsed time spent in this place.
 B = Non-inter-level travel time spent in this place.
 C = Inter-level travel time spent in this place.
 D = Time resting spent in this place.
 E = Time spent auto-exploring this place.
 F = Levels seen in this place.
 G = Mean time per level.
                   A        B        C        D        E       F      G
               +--------+--------+--------+--------+--------+-----+--------+
         Total |   4831 |   4781 |     50 |   1101 |   2635 |   6 |  805.2 |
       Dungeon |   4685 |   4635 |     50 |   1101 |   2531 |   5 |  937.0 |
        Temple |    146 |    146 |      0 |      0 |    104 |   1 |  146.0 |
               +--------+--------+--------+--------+--------+-----+--------+

Top non-repeatable levels by time:
     D:3: 1382 daAuts
     D:4: 1267 daAuts
     D:1: 1133 daAuts
     D:2: 887 daAuts
  Temple: 146 daAuts
     D:5: 13 daAuts
